 Dungeon Crawl Stone Soup version 0.22-a0-283-g1871b15 (webtiles) character file.

891 Amnesiac the Gusty (level 8, -10/46 HPs)
             Began as a Tengu Air Elementalist on Mar 19, 2018.
             Mangled by an ogre
             ... wielding a +0 giant club
              (20 damage)
             ... on level 4 of the Dungeon on Mar 20, 2018.
             The game lasted 00:07:24 (3820 turns).

Amnesiac the Gusty (Tengu Air Elementalist)         Turns: 3820, Time: 00:07:25

Health: -10/46     AC:  7    Str:  6    XL:     8   Next: 6%
Magic:  11/18      EV: 14    Int: 17    God:
Gold:   157        SH:  0    Dex: 16    Spells: 7/19 levels left

rFire    + . .     SeeInvis .   e - +0 dagger (drain)
rCold    + . .     Gourm    .   (no shield)
rNeg     . . .     Faith    .   a - +1 robe
rPois    +         Spirit   .   (helmet restricted)
rElec    .         Reflect  .   o - scarf {rC+ rF+}
rCorr    .         Harm     .   (no gloves)
MR       .....                  (boots unavailable)
Stlth    ++........             (no amulet)
HPRegen  0.15/turn              b - +4 ring of protection
MPRegen  0.16/turn              (no ring)

@: starving
A: beak, talons 3, blurry vision 1, poison resistance, weak 1, wild magic 1,
able to fly 1
a: Fly


You were on level 4 of the Dungeon.
You were starving.

You visited 1 branch of the dungeon, and saw 4 of its levels.

You collected 157 gold pieces.

Inventory:

Hand Weapons
 e - a +0 dagger of draining (weapon)
Armour
 a - a +1 robe (worn)
 g - a +2 cloak
 o - a scarf of resistance (worn)
Jewellery
 b - a +4 ring of protection (left hand)
Scrolls
 h - a scroll of noise {!r, unknown}
 i - a scroll of teleportation {!r, unknown}
 j - a scroll of enchant weapon {!r}
 n - 2 scrolls of fear {!r}
Potions
 f - a potion of magic {!q}
 k - a potion of curing {!q}
 l - a potion of flight {!q}
 m - a potion of brilliance {!q}
Comestibles
 c - 6 rations


   Skills:
 + Level 3.3 Fighting
 + Level 3.9 Dodging
 - Level 2.0 Stealth
 * Level 6.2 Spellcasting
 - Level 1.3 Conjurations
 + Level 6.3 Air Magic


You had 7 spell levels left.
You knew the following spells:

 Your Spells              Type           Power        Failure   Level  Hunger
a - Shock                 Conj/Air       ###.         4%          1    None
b - Airstrike             Air            ####......   13%         4    ####...
c - Swiftness             Chrm/Air       ###.....     8%          2    None
d - Lightning Bolt        Conj/Air       ###.......   65%         5    #####..


Dungeon Overview and Level Annotations

Branches:
Dungeon (4/15)
 Temple: D:4-7

Altars:
Elyvilon
Kikubaaqudgha
Makhleb
Okawaru
Qazlal
Trog
Uskayaw
Xom
Yredelemnul
Zin


Innate Abilities, Weirdness & Mutations

You have a beak for a mouth.
You have claws for feet.
You can fly.
Scrolls take you a little longer to read.
Your system is resistant to poisons. (rPois)
You are weak. (Str -2)
Your spells are a little harder to cast, but a little more powerful.


Message History

The quokka bites you.
You hit the quokka but do no damage. You drain the quokka!
You kill the quokka!
No target in view!
No target in view!
Found a stone staircase leading down.
Magic restored.
A leopard gecko comes into view.
The leopard gecko moves out of view.
The leopard gecko hisses angrily.
The leopard gecko is too close now for your liking.
You barely miss the leopard gecko. You claw the leopard gecko.
The leopard gecko is lightly wounded.
The leopard gecko misses you.
You hit the leopard gecko. You drain the leopard gecko!
You kill the leopard gecko!
No target in view!
A frilled lizard comes into view.
A frilled lizard is nearby!
A frilled lizard is nearby!
The frilled lizard hisses angrily.
The frilled lizard misses you.
You hit the frilled lizard.
You kill the frilled lizard!
An ogre comes into view. It is wielding a giant club.
You see here 2 gold pieces.
An ogre is nearby!
An ogre is nearby!
Casting: Airstrike (safe; 13% risk of failure)
Confirm with . or Enter, or press ? or * to list all spells.
Aiming: Airstrike (safe; 13% risk of failure)
Press: ? - help, Dir - move target cursor, f - ogre
Aim: an ogre, wielding a giant club (resting)
The air twists around and strikes the ogre!
The ogre shouts!
The ogre is moderately wounded.
Casting: Airstrike (safe; 13% risk of failure)
Confirm with . or Enter, or press ? or * to list all spells.
Aiming: Airstrike (safe; 13% risk of failure)
Press: ? - help, Dir - move target cursor, f/p - ogre
Aim: an ogre, wielding a giant club (moderately wounded)
The air twists around and strikes the ogre!
The ogre is heavily wounded.
You are starving!
You hit the ogre but do no damage.
The ogre is heavily wounded.
The ogre hits you with a giant club!
You hit the ogre but do no damage. You peck the ogre, but do no damage.
The ogre is heavily wounded.
The ogre hits you with a giant club.
You hit the ogre. You drain the ogre!
The ogre is severely wounded.
The ogre hits you with a giant club!
* * * LOW HITPOINT WARNING * * *
You hit the ogre. You peck the ogre, but do no damage.
The ogre is severely wounded.
You hit the ogre but do no damage. You drain the ogre!
The ogre is almost dead.
The ogre hits you with a giant club!
* * * LOW HITPOINT WARNING * * *
You barely miss the ogre. You claw the ogre, but do no damage.
The ogre is almost dead.
The ogre hits you with a giant club!!
You die...

###.# #...# #.#.### ##.#....
#########...# #...........#
#.#######...# ##### #.# ##.##
..... #.# #@# ##### #.#
#.O...... #.# #........ #.#
#####.### #### #.# # ...# #.#
### ##.#
#.############.#######.##
#.####............>..........###
#.......####.##.##.#####........


You could see an ogre.

Vanquished Creatures
  Grinder (D:3)
  A bullfrog (D:3)
  2 scorpions (D:4)
  A crimson imp (D:3)
  A bullfrog skeleton (D:4)
  3 orc wizards
  Terence (D:2)
  An iguana (D:4)
  2 worker ants (D:4)
  Robin (D:2)
  5 adders
  7 gnolls (D:2)
  2 oozes (D:2)
  2 worms
  2 dart slugs
  4 leopard geckos
  15 orcs
  7 bats
  8 giant cockroaches
  26 goblins
  5 hobgoblins
  10 jackals
  3 quokkas
  2 ball pythons
  4 frilled lizards
  2 kobolds (D:1)
  9 rats
127 creatures vanquished.

Notes
Turn   | Place    | Note
-------+----------+-------------------------------------------
     0 | D:1      | Amnesiac the Tengu Air Elementalist began the quest for the Orb.
     0 | D:1      | Reached XP level 1. HP: 10/10 MP: 4/4
   173 | D:1      | Reached XP level 2. HP: 15/15 MP: 1/6
   768 | D:1      | Reached XP level 3. HP: 17/19 MP: 1/8
  1159 | D:2      | Found an ancient bone altar of Kikubaaqudgha.
  1403 | D:2      | Noticed Terence
  1421 | D:2      | Killed Terence
  1421 | D:2      | Reached XP level 4. HP: 17/24 MP: 0/11
  1494 | D:2      | Learned a level 4 spell: Airstrike
  1645 | D:2      | Gained mutation: You can fly. [Tengu growth]
  1645 | D:2      | Reached XP level 5. HP: 28/28 MP: 0/12
  1654 | D:2      | Reached skill level 1 in Fighting
  1739 | D:2      | Noticed Robin
  1751 | D:2      | Killed Robin
  2253 | D:3      | Found a stormy altar of Qazlal.
  2319 | D:3      | Reached skill level 5 in Air Magic
  2319 | D:3      | Reached XP level 6. HP: 35/35 MP: 7/14
  2321 | D:3      | Reached skill level 5 in Spellcasting
  2361 | D:3      | Learned a level 2 spell: Swiftness
  2367 | D:3      | Learned a level 5 spell: Lightning Bolt
  2589 | D:3      | Noticed Grinder
  2610 | D:3      | Paralysed by Grinder for 5 turns
  2633 | D:3      | Gained mutation: Your system is resistant to poisons. (rPois) [potion of mutation]
  2633 | D:3      | Gained mutation: Scrolls take you a little longer to read. [potion of mutation]
  2633 | D:3      | Gained mutation: You are weak. (Str -2) [potion of mutation]
  2633 | D:3      | Gained mutation: Your spells are a little harder to cast, but a little more powerful. [potion of mutation]
  2637 | D:3      | Paralysed by Grinder for 6 turns
  2645 | D:3      | Killed Grinder
  2645 | D:3      | Reached XP level 7. HP: 13/40 MP: 1/16
  2957 | D:3      | Found an iron altar of Okawaru.
  2965 | D:3      | Found a shimmering altar of Xom.
  2966 | D:3      | Found a basalt altar of Yredelemnul.
  2999 | D:3      | Found a bloodstained altar of Trog.
  2999 | D:3      | Found a hide-covered altar of Uskayaw.
  3003 | D:3      | Found a white marble altar of Elyvilon.
  3053 | D:3      | You fall through a shaft!
  3534 | D:4      | Reached XP level 8. HP: 23/46 MP: 13/18
  3662 | D:4      | Found a burning altar of Makhleb.
  3667 | D:4      | Found a glowing silver altar of Zin.
  3668 | D:4      | Noticed an Executioner
  3668 | D:4      | Noticed an angel
  3820 | D:4      | Mangled by an ogre

Vault maps used:
D:1:      minmay_arrival_checkered_box
D:2:      overflow_temple_1_default, first_ration, uniq_terence, uniq_robin
D:3:      minitemple, grunt_qazlal_sundering, uniq_grinder
D:4:      grunt_temple_overflow_order_and_chaos_2, serial_shops, shop

Skill      XL: |  1  2  3  4  5  6  7 |
---------------+----------------------+-----
Spellcasting   | 3 4 5 6 |  6.2
Fighting       | 1 2 3 |  3.3
Air Magic      | 5 6 |  6.3
Dodging        | 3 |  3.9
Stealth        | |  2.0
Conjurations   | |  1.3

Action                   |  1- 3 |  4- 6 |  7- 9 || total
-------------------------+-------+-------+-------++-------
Melee: Peck              |     1 |       |    19 ||    20
       Unarmed           |     1 |       |       ||     1
       Dagger            |       |       |    91 ||    91
       Kick              |       |       |    24 ||    24
 Cast: Shock             |    80 |   131 |    21 ||   232
       Airstrike         |       |       |    11 ||    11
  Use: Scroll            |     4 |     2 |     1 ||     7
       Potion            |       |     4 |       ||     4
 Stab: Sleeping          |       |       |     1 ||     1
  Eat: Chunk             |     2 |     3 |     4 ||     9
Armor: Robe              |     9 |    17 |    18 ||    44
Dodge: Dodged            |    12 |    22 |    65 ||    99

Table legend:
 A = Spawn XP
 B = Non-spawn XP
 C = Spawn XP percentage of total XP
 D = Spawn monster count
 E = Non-spawn monster count
 F = Spawn count percentage of total count
 G = Total turns spent on level
                    A         B        C        D         E        F      G
               +---------+---------+-------+---------+---------+-------+---------
         Total |       0 |    1274 |   0.0 |       0 |     127 |   0.0 |  3820
               +---------+---------+-------+---------+---------+-------+---------
           D:1 |       0 |      50 |   0.0 |       0 |      30 |   0.0 |  1147
           D:2 |       0 |     244 |   0.0 |       0 |      44 |   0.0 |   957
           D:3 |       0 |     538 |   0.0 |       0 |      30 |   0.0 |   949
           D:4 |       0 |     442 |   0.0 |       0 |      23 |   0.0 |   767
               +---------+---------+-------+---------+---------+-------+---------
